 Dungeon Crawl Stone Soup version 0.26-a0-651-gb41185065b (webtiles) character file.

Game seed: 13310992003418676483

85 Ozzies the Skirmisher (level 4, -10/31 HPs)
             Began as a Gargoyle Fighter on Oct 7, 2020.
             Killed by divine providence
             ... invoked by an orc priest
              (14 damage)
             ... on level 4 of the Dungeon.
             The game lasted 00:01:19 (1743 turns).

Ozzies the Skirmisher (Gargoyle Fighter)            Turns: 1743, Time: 00:01:19

Health: -10/31     AC: 10    Str: 20    XL:     4   Next: 48%
Magic:  4/4        EV:  7    Int:  9    God:
Gold:   74         SH:  9    Dex:  9    Spells: 3/3 levels left

rFire    x . .     SeeInvis .   a - +0 flail
rCold    + . .     Faith    .   c - +0 kite shield
rNeg     + . .     Spirit   .   b - +0 scale mail
rPois    ∞         Reflect  .   (no helmet)
rElec    +         Harm     .   (no cloak)
rCorr    .         Rampage  .   (no gloves)
MR       .....                  (no boots)
Stlth    ..........             (no amulet)
HPRegen  0.10/turn              n - ring of ice
MPRegen  0.09/turn              (no ring)

@: no status effects
A: negative energy resistance 1, electricity resistance, unbreathing,
petrification resistance, rot immunity, AC +3
a: no special abilities


You were on level 4 of the Dungeon.
You visited 1 branch of the dungeon, and saw 4 of its levels.

You collected 74 gold pieces.

Inventory:

Hand Weapons
 a - a +0 flail (weapon)
Missiles
 j - 75 stones (quivered)
 k - 20 sling bullets
Armour
 b - a +0 scale mail (worn)
 c - a +0 kite shield (worn)
 r - a +0 pair of boots
Jewellery
 n - a ring of ice (left hand)
Scrolls
 e - 3 scrolls of remove curse {unknown}
 f - 2 scrolls of fog {unknown}
 g - a scroll of identify {unknown}
 h - a scroll of enchant weapon {unknown}
 l - 2 scrolls of immolation {unknown}
 m - a scroll of enchant armour {unknown}
 o - a scroll of magic mapping {unknown}
Potions
 d - a potion of might {@q3 !q}
 i - a potion of magic {unknown}
 p - a potion of degeneration {unknown}
 q - a potion of lignification {unknown}


   Skills:
 * Level 5.0 Fighting
 + Level 3.0 Maces & Flails
 - Level 3.2 Armour
 - Level 3.2 Shields


You had 3 spell levels left.
You didn't know any spells.
Your spell library contained the following spells:

 Spells                   Type           Power        Failure   Level
 Beastly Appendage        Tmut           #.....       99%         1
 Wereblood                Tmut           #.......     100%        2
 Spider Form              Tmut/Pois      #.........   100%        3
 Ice Form                 Ice/Tmut       #.......     100%        4
 Blade Hands              Tmut           #.........   100%        5


Dungeon Overview and Level Annotations

Branches:
Dungeon (4/15)
 Temple: D:4-7

Altars:

Annotations:
D:4 1 runed translucent door, Crazy Yiuf


Innate Abilities, Weirdness & Mutations

You are resistant to torment.
Your stone body is resilient. (AC +3)
You are immune to poison.
You resist negative energy. (rN+)
You are resistant to electric shocks. (rElec)
You can survive without breathing.
You are immune to petrification.
You are immune to rotting.


Message History

You hit the orc wizard.
The orc wizard is lightly wounded.
The orc barely misses you.
The orc wizard hits you but does no damage.
You hit the orc wizard.
The orc wizard is lightly wounded.
The orc wizard barely misses you. You block the orc's attack.
Your shield and scale mail prevent you from hitting the orc wizard.
The orc wizard is lightly wounded.
The orc wizard casts a spell at you.
The magic dart hits you but does no damage.
You block the orc's attack.
You closely miss the orc wizard.
The orc wizard is lightly wounded.
The orc wizard hits you but does no damage.
You block the orc's attack.
The orc wizard gestures wildly while chanting.
The orc wizard blinks!
The orc priest mumbles some strange prayers to Beogh against you.
Beogh smites you!
You hit the orc wizard.
The orc wizard is heavily wounded.
The orc hits you but does no damage.
The orc wizard points at you and mumbles some strange words.
The magic dart hits you. The orc hits you but does no damage.
You closely miss the orc wizard.
The orc wizard is heavily wounded.
The orc wizard points at you and mumbles some strange words.
The magic dart hits you. You block the orc's attack. The orc barely misses you.
You hit the orc wizard but do no damage.
The orc wizard is heavily wounded.
The orc wizard completely misses you.
The orc priest looks encouraged for a moment.
You block the orc's attack. The orc hits you but does no damage.
You block the orc wizard's attack. The orc hits you but does no damage.
You closely miss the orc wizard.
The orc wizard is heavily wounded.
You block the orc's attack. The orc wizard closely misses you.
The orc hits you but does no damage.
You hit the orc wizard but do no damage.
The orc wizard is heavily wounded.
The orc hits you with a +0 mace. The orc wizard completely misses you.
The orc barely misses you.
You hit the orc wizard.
The orc wizard is severely wounded.
You block the orc's attack.
The orc wizard gestures at you while chanting.
The magic dart hits you. You block the orc's attack.
The orc wizard hits you but does no damage.
You are too injured to fight recklessly!
You are too injured to fight recklessly!
You are too injured to fight recklessly!
You are too injured to fight recklessly!
You are too injured to fight recklessly!
You are too injured to fight recklessly!
You are too injured to fight recklessly!
You are too injured to fight recklessly!
You are too injured to fight recklessly!
You are too injured to fight recklessly!
You are too injured to fight recklessly!
You are too injured to fight recklessly!
You closely miss the orc wizard.
The orc wizard is severely wounded.
The orc hits you but does no damage.
The orc hits you with a cursed -3 dagger.
The orc wizard closely misses you. You block the orc's attack. x2
You closely miss the orc wizard.
The orc wizard is severely wounded.
The orc wizard gestures at you while chanting.
The magic dart hits you. You block the orc's attack.
The orc hits you but does no damage.
You hit the orc wizard.
The orc wizard is almost dead.
The orc wizard hits you with a cursed -1 dagger.
The orc hits you with a cursed -3 dagger.
* * * LOW HITPOINT WARNING * * *
The orc hits you with a +0 mace.
* * * LOW HITPOINT WARNING * * *
You closely miss the orc wizard.
The orc wizard is almost dead.
You block the orc wizard's attack. The orc hits you but does no damage.
The orc barely misses you.
The orc wizard mumbles some strange words.
The orc wizard blinks!
The orc priest miscasts a cantrip.
You block the orc's attack.
You barely miss the orc wizard.
The orc wizard is almost dead.
The orc wizard gestures at you while chanting.
The magic dart hits you but does no damage.
The orc hits you with a +0 mace.
* * * LOW HITPOINT WARNING * * *
The orc closely misses you.
You closely miss the orc wizard.
The orc wizard is almost dead.
The orc wizard casts a spell.
The orc wizard blinks!
The orc priest mumbles some strange prayers to Beogh against you.
Beogh smites you!
You die...

#. #.# #.# #.# #.# #.# .
# #######.#######....
#...........o@oo.....
####.#######.####oo.....
..............# Z#.....
......######..###.. .?(<
...................# ...
###.#.#.#####.##.#.# #.
# #.#.#####.##.#.# #
#.#.#........ .# #
#.#..........


You could see an orc priest, an orc wizard, 3 orcs and an adder skeleton.

Vanquished Creatures
  A bullfrog skeleton (D:4)
  A worker ant (D:4)
  2 dart slugs (D:1)
  A worm (D:2)
  A leopard gecko (D:2)
  2 orcs (D:4)
  2 giant cockroaches
  5 goblins
  A hobgoblin (D:1)
  3 jackals (D:4)
  A bat (D:1)
  2 frilled lizards (D:1)
  2 kobolds (D:2)
  A quokka skeleton (D:4)
25 creatures vanquished.

Notes
Turn   | Place    | Note
-------+----------+-------------------------------------------
     0 | D:1      | Ozzies the Gargoyle Fighter began the quest for the Orb.
     0 | D:1      | Reached XP level 1. HP: 14/14 MP: 1/1
   390 | D:1      | Reached XP level 2. HP: 20/20 MP: 2/2
  1017 | D:2      | Reached skill level 4 in Fighting
  1076 | D:2      | Reached XP level 3. HP: 18/24 MP: 3/3
  1323 | D:2      | You fall into a shaft and drop 2 floors!
  1585 | D:4      | Reached XP level 4. HP: 28/30 MP: 4/4
  1638 | D:4      | Reached skill level 5 in Fighting
  1650 | D:4      | Found a runed translucent door.
  1651 | D:4      | Noticed Crazy Yiuf
  1743 | D:4      | Killed from afar by an orc priest

Illustrated notes

Levels and vault maps discovered:
D:1:      heliophobic_arrival_glass_houses, layout_loops_corners
D:2:      layout_loops_ring, st_stairs_10
D:3:      layout_basic, roderic_lattice_a
D:4:      layout_loops_ring, uniq_crazy_yiuf_cottage

Skill      XL: |  1  2  3  4 |
---------------+-------------+-----
Fighting       | 4 5 |  5.0
Maces & Flails | 3 |  3.0
Armour         | |  3.2
Shields        | |  3.2

Action                   |  1- 3 |  4- 6 || total
-------------------------+-------+-------++-------
Melee: Flail             |    84 |    21 ||   105
Armor: Scale mail        |    62 |    14 ||    76
Dodge: Dodged            |    38 |    15 ||    53
Block: Kite shield       |    49 |    18 ||    67

Table legend: (Time is in decaauts)
 A = Elapsed time spent in this place.
 B = Non-inter-level travel time spent in this place.
 C = Inter-level travel time spent in this place.
 D = Time resting spent in this place.
 E = Time spent auto-exploring this place.
 F = Levels seen in this place.
 G = Mean time per level.
                   A        B        C        D        E       F      G
               +--------+--------+--------+--------+--------+-----+--------+
         Total |   1779 |   1723 |     56 |    131 |   1362 |   4 |  444.8 |
       Dungeon |   1779 |   1723 |     56 |    131 |   1362 |   4 |  444.8 |
               +--------+--------+--------+--------+--------+-----+--------+

Top non-repeatable levels by time:
     D:1: 997 daAuts
     D:4: 437 daAuts
     D:2: 342 daAuts
     D:3: 1 daAuts
